 Dungeon Crawl Stone Soup version 0.31-a0-851-g7ff8af7976 (webtiles) character file.

Game seed: 15255841232464789030

391 DocEon the Cudgeller (level 6, -2/37 HPs)
             Began as a Gargoyle Fighter on Oct 6, 2023.
             Was a Believer of the Shining One.
             Slain by an ogre
             ... wielding a +0 giant club
              (11 damage)
             ... on level 4 of the Dungeon.
             The game lasted 00:06:11 (2956 turns).

DocEon the Cudgeller (Gargoyle Fighter)             Turns: 2956, Time: 00:06:12

Health: -2/37      AC: 13    Str: 20    XL:     6   Next: 80%
Magic:  7/7        EV:  9    Int:  8    God:    the Shining One [**....]
Gold:   255        SH:  4    Dex: 11    Spells: 5/5 levels left

rFire   . . .        a - +0 flail
rCold   . . .        c - +0 buckler
rNeg    + + .        b - +0 scale mail
rPois   ∞            d - +0 helmet
rElec   +            (no cloak)
rCorr   .            (no gloves)
SInv    .            g - +0 pair of boots
Will    .....        (no amulet) Stlth
                     (no ring)
HPRegen 0.26/turn    (no ring)
MPRegen 0.10/turn

%: no passive effects
@: glowing
A: sickness immunity, AC +4, negative energy resistance 1, electricity
resistance, torment resistance 1, petrification resistance
a: Renounce Religion, Divine Shield


You were on level 4 of the Dungeon.
You worshipped the Shining One.
The Shining One was pleased with you.
You visited 1 branch of the dungeon, and saw 4 of its levels.

You collected 255 gold pieces.

Inventory:

Hand Weapons
 a - a +0 flail (weapon)
Missiles
 l - a throwing net
Armour
 b - a +0 scale mail (worn)
 c - a +0 buckler (worn)
 d - a +0 helmet (worn)
 g - a +0 pair of boots (worn)
Scrolls
 f - a scroll of teleportation
 h - 2 scrolls of identify
Potions
 e - a potion of lignification
 i - a potion of magic
 j - a potion of invisibility
 k - 2 potions of curing
 m - 2 potions of enlightenment


   Skills:
 - Level 3.2 Fighting
 * Level 6.7 Maces & Flails
 - Level 3.2 Armour
 - Level 3.2 Shields
 - Level 2.0 Invocations


You had 5 spell levels left.
You didn't know any spells.
Your spell library contained the following spells:

 Spells                   Type           Power      Damage    Failure   Level
 Kiss of Death            Conj/Necr      0%         2d5       83%         1
 Wereblood                Tmut           0%         N/A       93%         2
 Confusing Touch          Hex            0%         N/A       99%         3
 Dispel Undead            Necr           0%         3d6       100%        4
 Summon Hydra             Summ           0%         N/A       100%        7
 Sublimation of Blood     Necr           Unusable   N/A       N/A         2

Dungeon Overview and Level Annotations

Branches:
Dungeon (4/15)
 Temple: D:4-7

Altars:
Elyvilon
Ru
Sif Muna
The Shining One


Innate Abilities, Weirdness & Mutations

You are immune to sickness and miasma.
Your stone body is resilient. (AC +4)
You are immune to poison.
You resist negative energy. (rN+)
You are resistant to electric shocks. (rElec)
You are resistant to unholy torment.
You are immune to petrification.


Message History

m - 2 potions of enlightenment The adder bites you but does no damage.
You thump the adder!
You kill the adder!
No target in view!
No target in view!
No target in view!
You see here an adder corpse.
You now have 255 gold pieces (gained 11).
A goblin comes into view. It is wielding a +0 club.
A goblin is nearby!
An ogre comes into view. It is wielding a +0 giant club.
The ogre shouts!
You block the goblin's attack.
You thump the goblin!
You kill the goblin!
An ogre is nearby!
The ogre hits you with a +0 giant club!
You see here a +0 club.
You hit the ogre.
The ogre is lightly wounded.
You hit the ogre.
The ogre is lightly wounded.
The ogre closely misses you.
You hit the ogre.
The ogre is moderately wounded.
The ogre barely misses you.
You hit the ogre but do no damage.
The ogre is moderately wounded.
The ogre hits you with a +0 giant club!!
Ouch! That really hurt!
* * * LOW HITPOINT WARNING * * *
You are too injured to fight recklessly!
You hit the ogre.
The ogre is heavily wounded.
You are too injured to fight recklessly!
You hit the ogre.
The ogre is severely wounded.
The ogre hits you with a +0 giant club!
You die...

##########
.........# ###
.........##....
...............
......O@.# #######
########.#
..§.§§###########.##
...§§§§............+
..###§###########.##
#..§§§## #.#
##.##§§# ... # ##..#
.... #. #..# .....#


You could see an ogre.

Vanquished Creatures
  A water moccasin zombie (D:3)
  The ghost of JayJaygamer2134567 the Trooper, a weakling DsFi (D:3)
  A centaur zombie (D:3)
  A bullfrog zombie (D:3)
  A hound (D:4)
  A sleepcap (D:4)
  A howler monkey zombie (D:3)
  3 gnolls
  3 adders
  A white imp (D:4)
  3 dart slugs
  10 orcs
  2 endoplasms
  4 giant cockroaches
  8 goblins
  6 hobgoblins
  4 jackals (D:2)
  2 quokkas
  7 ball pythons
  5 bats
  3 frilled lizards
  8 kobolds
  2 rats (D:1)
78 creatures vanquished.

Notes
Turn   | Place    | Note
-------+----------+-------------------------------------------
     0 | D:1      | DocEon the Gargoyle Fighter began the quest for the Orb.
     0 | D:1      | Reached XP level 1. HP: 14/14 MP: 1/1
   115 | D:1      | Reached XP level 2. HP: 19/19 MP: 2/2
   137 | D:1      | Noticed a shining eye
   146 | D:1      | Found a faded altar of an unknown god.
   149 | D:1      | Noticed a shining eye
   218 | D:1      | Reached skill level 3 in Maces & Flails
   229 | D:1      | Noticed a floating eye
   235 | D:1      | Noticed an eye of devastation
   285 | D:1      | Prayed at the altar of an unknown god.
   285 | D:1      | Became a worshipper of the Shining One
   285 | D:1      | Reached * piety under the Shining One
   422 | D:1      | Reached XP level 3. HP: 21/23 MP: 3/3
   807 | D:2      | Reached skill level 4 in Maces & Flails
   918 | D:2      | Reached XP level 4. HP: 23/28 MP: 4/4
  1257 | D:3      | Found a shimmering blue altar of Sif Muna.
  1258 | D:3      | Found a white marble altar of Elyvilon.
  1260 | D:3      | Found a sacrificial altar of Ru.
  1325 | D:3      | Found a runed translucent gate.
  1325 | D:3      | Found a runed translucent gate.
  1334 | D:3      | Found a runed translucent gate.
  1335 | D:3      | Reached ** piety under the Shining One
  1337 | D:3      | Noticed JayJaygamer2134567's ghost (weakling DsFi)
  2006 | D:3      | Reached skill level 1 in Invocations
  2460 | D:3      | Killed JayJaygamer2134567's ghost
  2461 | D:3      | Reached skill level 5 in Maces & Flails
  2461 | D:3      | Reached XP level 5. HP: 22/32 MP: 4/6
  2551 | D:3      | Reached XP level 6. HP: 26/37 MP: 7/7
  2559 | D:3      | Reached skill level 6 in Maces & Flails
  2956 | D:4      | Slain by an ogre

Illustrated notes

Levels and vault maps discovered:
D:1:      dpeg_arrival_shrine, layout_rooms,
          hellmonk_ecumenical_altar_watching_god
D:2:      layout_rooms, nrook_mini_vaults, minmay_door_square
D:3:      layout_basic, grunt_temple_overflow_open, gammafunk_ghost_necromancy,
          minmay_tree_intersection, item_on_display_a
D:4:      layout_basic, nicolae_letterblocks [nicolae_letter_subblock,
          nicolae_letter_subblock, nicolae_letter_subblock,
          nicolae_letter_subblock, nicolae_letter_subblock,
          nicolae_letter_subblock, nicolae_letter_subblock,
          nicolae_letter_subblock, nicolae_letter_subblock,
          nicolae_letter_subblock, nicolae_letter_subblock,
          nicolae_letter_subblock, nicolae_letter_subblock,
          nicolae_letter_subblock, nicolae_letter_subblock,
          nicolae_letter_subblock, nicolae_letter_subblock,
          nicolae_letter_subblock, nicolae_letter_subblock,
          nicolae_letter_subblock, nicolae_letter_subblock,
          nicolae_letter_subblock, nicolae_letter_subblock,
          nicolae_letter_subblock, nicolae_letter_subblock]

Skill      XL: |  1  2  3  4  5  6 |
---------------+-------------------+-----
Maces & Flails | 3 4 5 6 |  6.7
Invocations    | 1 2 |  2.0
Fighting       | |  3.2
Armour         | |  3.2
Shields        | |  3.2

Action                     |  1- 3 |  4- 6 || total
---------------------------+-------+-------++-------
  Melee: Flail             |    98 |   149 ||   247
 Invoke: Divine Shield     |       |     1 ||     1
    Use: Scroll            |     5 |     7 ||    12
         Potion            |       |     1 ||     1
 Armour: Scale mail        |    83 |   127 ||   210
  Dodge: Dodged            |    64 |    95 ||   159
  Block: Buckler           |    30 |    46 ||    76

Table legend: (Time is in decaauts)
 A = Elapsed time spent in this place.
 B = Non-inter-level travel time spent in this place.
 C = Inter-level travel time spent in this place.
 D = Time resting spent in this place.
 E = Time spent auto-exploring this place.
 F = Levels seen in this place.
 G = Mean time per level.
                   A        B        C        D        E       F      G
               +--------+--------+--------+--------+--------+-----+--------+
         Total |   3011 |   2939 |     72 |    230 |   1781 |   4 |  752.8 |
       Dungeon |   3011 |   2939 |     72 |    230 |   1781 |   4 |  752.8 |
               +--------+--------+--------+--------+--------+-----+--------+

Top non-repeatable levels by time:
     D:3: 1403 daAuts
     D:1: 639 daAuts
     D:2: 637 daAuts
     D:4: 331 daAuts
